 Dungeon Crawl Stone Soup version 0.17.1-3-g152610e (webtiles) character file.

191 KarvaRausku the Conjurer (level 5, -2/34 HPs)
             Began as a High Elf Conjurer on Mar 5, 2016.
             Succumbed to Ijyb's poison
             ... on level 2 of the Dungeon.
             The game lasted 00:14:40 (1624 turns).

KarvaRausku the Conjurer (High Elf Conjurer)        Turns: 1624, Time: 00:14:40

Health: -2/34      AC:  3    Str:  7    XL:     5   Next: 41%
Magic:  1/12       EV: 13    Int: 19    God:
Gold:   125        SH:  0    Dex: 16    Spells: 2 memorised, 9 levels left

rFire  . . .     SeeInvis .     r - +0 falchion
rCold  . . .     Clarity  .     a - +0 robe
rNeg   . . .     SustAt   .     (no shield)
rPois  .         Gourm    .     (no helmet)
rElec  .         Spirit   .     (no cloak)
rCorr  .         Warding  .     d - +0 pair of gloves
rMut   .         Stasis   .     (no boots)
MR     .....                    g - amulet of regeneration
Stlth  ++........               (no ring)
                                (no ring)

@: lethally poisoned (-2 -> -36), not resistant to hostile enchantments,
unstealthy
A: spit poison 1
a: Spit Poison


You were on level 2 of the Dungeon.
You were hungry.

You visited 1 branch of the dungeon, and saw 2 of its levels.

You collected 125 gold pieces.

Inventory:

Hand Weapons
 m - a +0 dagger
 r - a +0 falchion (weapon)
Armour
 a - a +0 robe (worn)
 d - a +0 pair of gloves (worn)
 e - a +0 leather armour
Jewellery
 g - an amulet of regeneration (around neck)
Scrolls
 f - a scroll of recharging {unknown}
 h - 2 scrolls of amnesia {unknown}
 l - 5 scrolls of remove curse {unknown}
 p - a scroll of magic mapping {unknown}
Books
 b - a book of Conjurations

   Spells                             Type                      Level
   a - Magic Dart                     Conjuration                  1
   b - Searing Ray                    Conjuration                  2
   c - Dazzling Spray                 Conjuration/Hexes            3
   d - Fulminant Prism                Conjuration/Hexes            4
   e - Iskenderun's Mystic Blast      Conjuration                  4
   f - Iskenderun's Battlesphere      Conjuration/Charms           5
Comestibles
 c - 2 bread rations
 n - 2 slices of pizza
 o - a chunk of flesh


   Skills:
 + Level 2.0 Fighting
 + Level 1.3 Long Blades
 - Level 2.1 Dodging
 - Level 2.1 Stealth
 + Level 4.3 Spellcasting
 + Level 5.7 Conjurations


You had 9 spell levels left.
You knew the following spells:

 Your Spells              Type           Power        Failure   Level  Hunger
a - Magic Dart            Conj           ####         1%          1    None
b - Searing Ray           Conj           ####..       1%          2    #......


Dungeon Overview and Level Annotations

Branches:
Dungeon (2/15)

Altars:

Annotations:
D:2 Ijyb


Innate Abilities, Weirdness & Mutations

You can spit weak poison.


Message History

You hit Ijyb.
Ijyb is moderately wounded.
You feel very sick. Ijyb closely misses you.
You barely miss Ijyb.
Ijyb is moderately wounded.
You feel sick. Ijyb screams, "Me stronger than you!"
Ijyb hits you but does no damage.
You are lethally poisoned!
Ijyb screams, "Me very upset!"
Ijyb hits you but does no damage.
You are more poisoned.
You feel very sick. Ijyb hits you with a dagger of venom.
* * * LOW HITPOINT WARNING * * *
You are more poisoned.
* * * LOW HITPOINT WARNING * * *
You feel very sick.
You die...

# #.# #.#.....#. #.#
##.#.......
#.###..........
#.##...#.[..().
#.##.#[#....)..
######.##...#..)....
#####........[..#.......
>.....!............)....
###..@.g......#.......
#.<.........#.......
#..........##.......
#.......(..#########
#.....$....#
##.......### #....###..
#..... .# #...# ##


You could see Ijyb.

Vanquished Creatures
  Jessica (D:2)
  Terence (D:2)
  Robin (D:2)
  3 gnolls (D:2)
  3 adders (D:2)
  An ooze (D:2)
  A worm (D:2)
  A giant gecko (D:1)
  A ball python (D:1)
  6 bats
  A giant cockroach (D:1)
  19 goblins
  7 hobgoblins
  3 jackals (D:2)
  A quokka (D:2)
  2 giant newts (D:1)
  7 kobolds
  11 rats
70 creatures vanquished.

Notes
Turn   | Place    | Note
--------------------------------------------------------------
     0 | D:1      | KarvaRausku the High Elf Conjurer began the quest for the Orb.
     0 | D:1      | Reached XP level 1. HP: 11/11 MP: 4/4
   122 | D:1      | Reached XP level 2. HP: 12/17 MP: 0/6
   336 | D:1      | Learned a level 2 spell: Searing Ray
   579 | D:1      | Reached skill level 5 in Conjurations
   595 | D:2      | Reached XP level 3. HP: 18/21 MP: 3/8
   894 | D:2      | Noticed Terence
  1046 | D:2      | Noticed Robin
  1057 | D:1      | Reached XP level 4. HP: 27/27 MP: 1/10
  1133 | D:2      | Killed Robin
  1133 | D:2      | Reached skill level 1 in Fighting
  1339 | D:2      | Killed Terence
  1447 | D:2      | Reached XP level 5. HP: 18/34 MP: 0/12
  1450 | D:2      | Gained mutation: You can spit weak poison. [potion of beneficial mutation]
  1526 | D:2      | Reached skill level 1 in Long Blades
  1584 | D:2      | Noticed Jessica
  1588 | D:2      | Killed Jessica
  1593 | D:2      | Noticed Ijyb
  1623 | D:2      | HP: 1/34 [poisoned by Ijyb]
  1624 | D:2      | Succumbed to Ijyb's poison

Action                   |  1- 3 |  4- 6 || total
-------------------------+-------+-------++-------
Melee: Unarmed           |    19 |       ||    19
       Dagger            |     3 |    22 ||    25
       Falchion          |       |    37 ||    37
 Cast: Magic Dart        |    61 |    34 ||    95
       Searing Ray       |     8 |     9 ||    17
  Use: Potion            |       |     4 ||     4
 Stab: Sleeping          |       |     1 ||     1
  Eat: Chunk             |     1 |     2 ||     3
